 Dungeon Crawl Stone Soup version 0.20.0 (webtiles) character file.

111 Llamajah the Shield-Bearer (level 5, -5/42 HPs)
             Began as a Formicid Fighter on July 11, 2017.
             Killed by nerve-wracking pain
             ... invoked by Grinder
              (12 damage)
             ... on level 3 of the Dungeon.
             The game lasted 00:04:43 (1860 turns).

Llamajah the Shield-Bearer (Formicid Fighter)       Turns: 1860, Time: 00:04:44

Health: -5/42      AC: 11    Str: 27    XL:     5   Next: 15%
Magic:  14/14      EV:  4    Int:  7    God:
Gold:   136        SH: 15    Dex: 10    Spells: 4/4 levels left

rFire    . . .     SeeInvis +   a - +0 war axe
rCold    . . .     Gourm    .   j - +0 large shield
rNeg     . . .     Faith    .   p - +0 plate armour
rPois    .         Spirit   .   (helmet unavailable)
rElec    .         Reflect  .   (no cloak)
rCorr    .         Harm     .   (no gloves)
MR       .....                  (no boots)
Stlth    ..........             (no amulet)
Regen    0.2/turn               D - ring of magical power
MPRegen  0.2/turn               (no ring)

@: mighty
A: permanent stasis, dig shafts and tunnels, four strong arms, antennae 3
a: Dig, Shaft Self


You were on level 3 of the Dungeon.
You were not hungry.

You visited 1 branch of the dungeon, and saw 3 of its levels.

You collected 136 gold pieces.

Inventory:

Hand Weapons
 a - a +0 war axe (weapon)
Armour
 b - a +0 scale mail
 c - a +0 shield
 j - a +0 large shield (worn)
 p - a +0 plate armour (worn)
Jewellery
 e - an uncursed ring of ice
 D - a ring of magical power (left hand)
Scrolls
 k - 3 scrolls of identify {unknown}
 l - a scroll of enchant armour {unknown}
 m - a scroll of magic mapping {unknown}
 q - a scroll of recharging {unknown}
 t - a scroll of teleportation {unknown}
 u - a scroll of enchant weapon {unknown}
 x - a scroll of remove curse {unknown}
 y - a scroll of fear {unknown}
 C - a scroll of fog {unknown}
Potions
 d - 2 potions of might
 i - 2 potions of agility {unknown}
 n - 3 potions of heal wounds {unknown}
 o - 2 potions of curing {unknown}
 r - a potion of mutation {unknown}
 v - a potion of brilliance {unknown}
 w - a potion of magic {unknown}
 A - a potion of cancellation {unknown}
 B - 2 potions of invisibility {unknown}
 E - a potion of resistance {unknown}
Comestibles
 f - 2 bread rations
 g - 4 royal jellies
 h - 2 meat rations
 s - 3 fruits
 z - 2 chunks of flesh


   Skills:
 + Level 3.7 Fighting
 * Level 3.1 Axes
 + Level 3.7 Armour
 + Level 1.6 Dodging
 + Level 4.3 Shields


You had 4 spell levels left.
You didn't know any spells.

Dungeon Overview and Level Annotations

Branches:
Dungeon (3/15)

Altars:
Gozag
Uskayaw

Annotations:
D:3 Grinder


Innate Abilities, Weirdness & Mutations

You cannot be hasted, slowed, berserked, paralysed or teleported.
You can dig through walls and to a lower floor.
Your four strong arms can wield two-handed weapons with a shield.
You have a pair of large antennae on your head. (SInv)


Message History

* * * LOW HITPOINT WARNING * * *
You closely miss Grinder.
Grinder is moderately wounded.
You block Grinder's attack.
You completely miss Grinder.
Grinder is moderately wounded.
Grinder blinks!
Grinder gestures at you. Pain shoots through your body!
* * * LOW HITPOINT WARNING * * *
Found 4 gold pieces.
You closely miss Grinder.
Grinder is moderately wounded.
Grinder gestures at you. You resist with significant effort.
You hit Grinder.
Grinder is heavily wounded.
Grinder gestures at you. Pain shoots through your body!
You die...

####.#### #. #.......# ## #.
#.......# .# #. #....(..# .# #.
#.......# ##.## #.
####.......#####...## ########.
.............##.....## .........
#######......#......[#.##########
######....@5....$# #
#.#.......### ##### #.##.....##
#.... #.###.[.## #.### #.# ##.##
#.# # #.# .# #.### #.# ## #....
#.# ########.### { { ............


You could see Grinder.

Vanquished Creatures
  Ijyb (D:3)
  Terence (D:3)
  An adder (D:2)
  A worm (D:3)
  3 dart slugs
  2 leopard geckos
  3 orcs (D:3)
  6 bats
  A giant cockroach (D:1)
  3 goblins
  4 jackals (D:1)
  A ball python (D:3)
  2 frilled lizards
  6 kobolds
  6 rats
41 creatures vanquished.

Notes
Turn   | Place    | Note
-------+----------+-------------------------------------------
     0 | D:1      | Llamajah the Formicid Fighter began the quest for the Orb.
     0 | D:1      | Reached XP level 1. HP: 18/18 MP: 1/1
   113 | D:1      | Reached XP level 2. HP: 24/24 MP: 2/2
   560 | D:1      | Reached XP level 3. HP: 24/29 MP: 3/3
   778 | D:2      | Reached skill level 4 in Shields
   958 | D:2      | Found a hide-covered altar of Uskayaw.
   985 | D:2      | Reached skill level 1 in Dodging
  1210 | D:2      | Found a faded altar of an unknown god.
  1434 | D:3      | Noticed Terence
  1445 | D:3      | Killed Terence
  1445 | D:3      | Reached XP level 4. HP: 36/36 MP: 4/4
  1565 | D:3      | Noticed Ijyb
  1647 | D:3      | Killed Ijyb
  1647 | D:3      | Reached XP level 5. HP: 42/42 MP: 5/5
  1842 | D:3      | Found an opulent altar of Gozag.
  1845 | D:3      | Noticed Grinder
  1860 | D:3      | Killed from afar by Grinder

Skill      XL: |  1  2  3  4 |
---------------+-------------+-----
Shields        | 4 |  4.3
Dodging        | 1 |  1.6
Axes           | 3 |  3.1
Fighting       | |  3.7
Armour         | |  3.7

Action                   |  1- 3 |  4- 6 || total
-------------------------+-------+-------++-------
Melee: War axe           |   101 |    79 ||   180
  Use: Potion            |       |     1 ||     1
  Eat: Chunk             |     2 |     1 ||     3
Armor: Scale mail        |    20 |       ||    20
       Plate armour      |    16 |    46 ||    62
Dodge: Dodged            |    13 |     6 ||    19
Block: Shield            |    50 |       ||    50
       Large shield      |    38 |    39 ||    77
